 Dungeon Crawl Stone Soup version 0.30-a0-620-g0e44632947 (webtiles) character file.

Game seed: 9427363993249686821

2153 Ijustatesigmund the Frost Mage (level 9, 0/99 (106) HPs)
             Began as a Barachi Ice Elementalist on Jan 10, 2023.
             Was a Follower of Cheibriados.
             Slain by an ice dragon (13 damage)
             ... on level 7 of the Dungeon.
             The game lasted 00:18:15 (7043 turns).

Ijustatesigmund the Frost Mage (BaIE)               Turns: 7043, Time: 00:18:15

HP:   0/99 (106)    AC:  7    Str: 14    XL:     9   Next: 31%
MP:   15/15         EV: 13    Int: 19    God:    Cheibriados [*.....]
Gold: 1037          SH:  0    Dex: 15    Spells: 10/17 levels left

rFire   + . .      SeeInvis .    r - +4 war axe
rCold   . . .      Faith    .    (no shield)
rNeg    . . .      Spirit   .    a - +0 leather armour
rPois   .          Reflect  .    (helmet restricted)
rElec   .          Harm     .    k - +1 cloak
rCorr   .          Rampage  .    (no gloves)
Will    .....                    (no boots) Stlth
                                 p - amulet of magic regeneration
HPRegen 0.36/turn                t - ring of protection from fire
MPRegen 0.54/turn                (no ring)

@: mighty, berserking (expiring), drained, very slow
A: amphibious, slowness 1, strong legs 1, +LOS, horns 1, iridescent scales 1,
sturdy frame 1
a: Hop, Renounce Religion, Bend Time


You were on level 7 of the Dungeon.
You worshipped Cheibriados.
Cheibriados was aware of your devotion.
You visited 2 branches of the dungeon, and saw 9 of its levels.

You collected 1037 gold pieces.

Inventory:

Hand Weapons
 c - a +2 hammer of holy wrath
 l - the +4 mace "Xeunelysm" {elec, *Slow rPois rCorr Int+4}
   (You found it on level 4 of the Dungeon)

   Int:       It affects your intelligence (+4).
   rPois:     It protects you from poison.
   rCorr:     It protects you from acid and corrosion.
   *Slow:     It may slow you when you take damage.
 r - a +4 war axe (weapon)
Armour
 a - a +0 leather armour (worn)
 k - a +1 cloak (worn)
 y - the +0 robe of Tempters {rF+ Str+3}
   (You found it on level 7 of the Dungeon)

   Str:       It affects your strength (+3).
   rF:        It protects you from fire.
Jewellery
 o - a ring of fire
 p - an amulet of magic regeneration (around neck)
 t - a ring of protection from fire (left hand)
Wands
 j - a wand of polymorph (5)
Scrolls
 q - a scroll of brand weapon
 w - 2 scrolls of enchant weapon
Potions
 b - a potion of magic
 d - 3 potions of lignification
 e - 3 potions of mutation
 f - 3 potions of curing
 g - a potion of heal wounds
 h - a potion of ambrosia
 i - a potion of berserk rage
 m - 2 potions of brilliance {unknown}
 n - a potion of flight


   Skills:
 + Level 6.8 Fighting
 - Level 5.4 Armour
 - Level 4.4 Dodging
 - Level 1.7 Stealth
 + Level 4.5 Spellcasting
 + Level 9.5 Ice Magic
 + Level 2.9 Invocations


You had 10 spell levels left.
You knew the following spells:

 Your Spells              Type           Power      Damage    Failure   Level
a - Freeze                Ice            100%       1d10      1%          1
b - Frozen Ramparts       Ice            80%        1d13      1%          3
c - Ozocubu's Armour      Ice            40%        N/A       1%          3

Your spell library contained the following spells:

 Spells                   Type           Power      Damage    Failure   Level
 Summon Small Mammal      Summ           16%        N/A       14%         1
 Summon Ice Beast         Ice/Summ       22%        N/A       19%         4
 Call Canine Familiar     Summ           4%         N/A       38%         3
 Kindle Blastsparks       Fire/Tloc/Air  8%         2d10      38%         3
 Summon Guardian Golem    Hex/Summ       4%         N/A       38%         3
 Fulminant Prism          Conj/Hex       2%         3d5       80%         4
 Iskenderun's Mystic Bla  Conj/Tloc      4%         2d3       80%         4
 Lee's Rapid Deconstruct  Erth           2%         3d4*      98%         5


Dungeon Overview and Level Annotations

Branches:
Dungeon (8/15)             Temple (1/1) D:6
   Lair: D:8-11

Altars:
Ashenzari
Cheibriados
Dithmenos
Hepliaklqana
Kikubaaqudgha
Makhleb
Nemelex Xobeh
Okawaru
Qazlal
Ru
Trog
Uskayaw
Wu Jian
Xom
Yredelemnul
Zin
The Shining One

Annotations:
D:7 Joseph


Innate Abilities, Weirdness & Mutations

You are amphibious.
You cover ground slowly.
You can hop short distances.
You have an extended range of vision and can be seen from far away.
You have a pair of small horns on your head.
You are partially covered in iridescent scales. (AC +2)
Your movements are slightly less encumbered by armour. (ER -2)


Message History

Your surroundings suddenly seem different.
The frozen ramparts melt away as you move.
Found a scroll of noise.
You start resting.
Magic restored.
You start resting.
An ice dragon is nearby!
Okay, then.
Okay, then.
You feel very mighty all of a sudden.
The ice dragon roars deafeningly!
You feel much better.
A red film seems to cover your vision as you go berserk!
Cheibriados forces you to slow down.
You feel mighty! The ice dragon breathes frost at you.
The blast of cold hits you!!!
Ouch! That really hurt!
You feel a strong urge to attack something.
You slash the ice dragon!
The ice dragon is lightly wounded.
The ice dragon bites you! The ice dragon misses you.
The ice dragon closely misses you.
The ice dragon bites you but does no damage.
The ice dragon claws you!
* * * LOW HITPOINT WARNING * * *
The ice dragon tramples you.
* * * LOW HITPOINT WARNING * * *
You stumble backwards!
You hit the ice dragon. Your headbutt misses the ice dragon.
The ice dragon is lightly wounded.
The ice dragon bites you.
* * * LOW HITPOINT WARNING * * *
The ice dragon claws you.
* * * LOW HITPOINT WARNING * * *
The ice dragon tramples you but does no damage.
You hit the ice dragon. Your headbutt misses the ice dragon.
The ice dragon is moderately wounded.
The ice dragon bites you!
You die...

### ## #.. #.
#.# .. #.# #.
#.# #. #.#
#######. #.#
#....... #@#
##.###### #D#
#.>....@. #.#
#..###### #.?#
#..# # ##.# #..#
# .# #.@# ####
.# #..# #..D
.#######..###...
..........D##...


You could see an ice dragon.

Vanquished Creatures
  Eustachio (D:4)
  Menkaure (D:4)
  A black bear (D:7)
  3 ogres (D:6)
  A boggart (D:5)
  A centaur (D:8)
  4 phantoms
  A kobold brigand (D:6)
  3 bullfrogs
  A necrophage (D:6)
  3 wights (D:7)
  2 howler monkeys
  Crazy Yiuf (D:2)
  2 hounds
  3 jellies
  An orc priest (D:5)
  A gnoll bouda (D:5)
  2 iguanas (D:5)
  An orc wizard (D:7)
  9 gnolls
  7 adders
  2 ufetubi (D:6)
  A worm (D:3)
  3 dart slugs
  5 orcs
  4 ball pythons
  8 bats
  8 endoplasms
  3 giant cockroaches
  A goblin (D:1)
  4 hobgoblins
  4 jackals
  3 quokkas
  5 frilled lizards
  7 kobolds
  2 rats (D:2)
109 creatures vanquished.

Notes
Turn   | Place    | Note
-------+----------+-------------------------------------------
     0 | D:1      | Ijustatesigmund the Barachi Ice Elementalist began the
                  | quest for the Orb.
     0 | D:1      | Reached XP level 1. HP: 13/13 MP: 3/3
    61 | D:1      | Found a faded altar of an unknown god.
   235 | D:1      | Reached skill level 1 in Fighting
   235 | D:1      | Reached skill level 5 in Ice Magic
   296 | D:1      | Reached XP level 2. HP: 21/21 MP: 3/5
   970 | D:1      | Reached XP level 3. HP: 27/27 MP: 3/6
  1579 | D:2      | Learned a level 3 spell: Frozen Ramparts
  1583 | D:2      | Found a runed translucent door.
  1584 | D:2      | Noticed Crazy Yiuf
  1591 | D:2      | HP: 1/26 [Crazy Yiuf/+2 quarterstaff of chaos (3)]
  1592 | D:2      | Killed Crazy Yiuf
  1593 | D:2      | Reached XP level 4. HP: 2/35 MP: 0/7
  1801 | D:2      | Gained mutation: You are partially covered in iridescent
                  | scales. (AC +2) [potion of mutation]
  1801 | D:2      | Gained mutation: You have a pair of small horns on your
                  | head. [potion of mutation]
  1801 | D:2      | Gained mutation: Your movements are slightly less
                  | encumbered by armour. (ER -2) [potion of mutation]
  1929 | D:3      | Reached skill level 6 in Ice Magic
  2640 | D:4      | Reached skill level 1 in Armour
  2698 | D:4      | Reached XP level 5. HP: 41/41 MP: 4/8
  2846 | D:4      | Noticed a phantom
  2851 | D:4      | Found a shadowy altar of Dithmenos.
  2867 | D:4      | Killed a phantom
  2975 | D:4      | Identified a scroll of acquirement
  2975 | D:4      | Acquired 562 gold pieces
  3140 | D:4      | Reached XP level 6. HP: 40/48 MP: 5/9
  3200 | D:4      | Noticed Menkaure
  3206 | D:4      | Killed Menkaure
  3207 | D:4      | Reached skill level 7 in Ice Magic
  3211 | D:4      | Learned a level 3 spell: Ozocubu's Armour
  3301 | D:4      | Noticed Eustachio
  3334 | D:4      | Killed Eustachio
  3335 | D:4      | Reached skill level 5 in Fighting
  3335 | D:4      | Reached XP level 7. HP: 56/56 MP: 3/10
  3431 | D:4      | Identified the +4 mace "Xeunelysm" {elec, *Slow rPois rCorr
                  | Int+4}
  3635 | D:4      | Found a broken altar of Ashenzari.
  3766 | D:5      | Entered Level 5 of the Dungeon
  3959 | D:5      | Reached skill level 8 in Ice Magic
  3961 | D:5      | Reached skill level 5 in Armour
  3961 | D:5      | Reached XP level 8. HP: 22/64 MP: 7/11
  4977 | D:6      | Found a staircase to the Ecumenical Temple.
  4985 | Temple   | Entered the Ecumenical Temple
  5031 | Temple   | Became a worshipper of Cheibriados the Contemplative
  5351 | D:6      | Reached skill level 1 in Invocations
  5598 | D:6      | Reached skill level 9 in Ice Magic
  5939 | D:6      | Reached XP level 9. HP: 55/69 MP: 13/15
  6073 | D:7      | Noticed a boulder beetle
  6076 | D:7      | a boulder beetle changed into an ice dragon
  6076 | D:7      | Noticed an ice dragon
  6096 | D:7      | Identified the +0 robe of Tempters {rF+ Str+3}
  6200 | D:7      | Noticed Joseph
  6609 | D:7      | Reached * piety under Cheibriados
  7043 | D:7      | Slain by an ice dragon

Illustrated notes

Levels and vault maps discovered:
D:1:      lemuel_arrival_cross, layout_basic, shapermc_ecumenical_altar_pompeii
D:2:      layout_rooms, uniq_crazy_yiuf_cottage
D:3:      layout_loops_ring
D:4:      layout_basic, amcnicky_altar_gilded, ashenzari_altar_1, uniq_menkaure,
          uniq_eustachio
D:5:      layout_loops_cross
D:6:      layout_loops_ring, minmay_temple_entry_wispy, kennysheep_dice
D:7:      layout_loops_ring, uniq_pikel, uniq_joseph
D:8:      layout_gridville, serial_shops, nicolae_shop_overgrown_old_shop
Temple:   hellmonk_temple_of_storms

Skill      XL: |  1  2  3  4  5  6  7  8 |
---------------+-------------------------+-----
Fighting       | 1 2 3 4 5 6 |  6.8
Ice Magic      | 5 6 7 8 9 |  9.5
Armour         | 1 2 3 5 |  5.4
Dodging        | 4 |  4.4
Spellcasting   | 4 |  4.5
Invocations    | 2 |  2.9
Stealth        | |  1.7

Action                   |  1- 3 |  4- 6 |  7- 9 || total
-------------------------+-------+-------+-------++-------
Melee: Unarmed           |     3 |       |       ||     3
       Whip              |    10 |       |       ||    10
       Punch             |     1 |     1 |     2 ||     4
       Mace              |       |    71 |   123 ||   194
       Headbutt          |       |     7 |    27 ||    34
       War axe           |       |       |    13 ||    13
 Cast: Freeze            |    45 |     3 |       ||    48
       Frozen Ramparts   |     1 |    17 |    32 ||    50
Evoke: Wand              |       |     1 |     4 ||     5
  Use: Scroll            |       |    10 |     9 ||    19
       Potion            |       |     2 |     7 ||     9
 Stab: Sleeping          |       |     2 |     2 ||     4
Armor: Robe              |     4 |       |       ||     4
       Leather armour    |       |    23 |    52 ||    75
Dodge: Dodged            |    39 |    57 |   113 ||   209

Table legend: (Time is in decaauts)
 A = Elapsed time spent in this place.
 B = Non-inter-level travel time spent in this place.
 C = Inter-level travel time spent in this place.
 D = Time resting spent in this place.
 E = Time spent auto-exploring this place.
 F = Levels seen in this place.
 G = Mean time per level.
                   A        B        C        D        E       F      G
               +--------+--------+--------+--------+--------+-----+--------+
         Total |   8126 |   7874 |    252 |   1421 |   5228 |   9 |  902.9 |
       Dungeon |   8044 |   7819 |    225 |   1421 |   5200 |   8 | 1005.5 |
        Temple |     81 |     55 |     26 |      0 |     28 |   1 |   81.0 |
               +--------+--------+--------+--------+--------+-----+--------+

Top non-repeatable levels by time:
     D:6: 1731 daAuts
     D:1: 1325 daAuts
     D:4: 1311 daAuts
     D:5: 1048 daAuts
     D:3: 860 daAuts
     D:2: 731 daAuts
     D:7: 572 daAuts
     D:8: 462 daAuts
  Temple: 81 daAuts
